 Dungeon Crawl Stone Soup version 0.30-b1-2-g02819fbbbe (webtiles) character file.

Game seed: 11999012481756112365

100961 raph the Convoker (level 15, -6/86 HPs)
             Began as a Deep Elf Summoner on Oct 18, 2023.
             Was an Initiate of Gozag.
             Killed from afar by a titan (32 damage)
             ... with a bolt of lightning
             ... on level 1 of the Shoals.
             The game lasted 01:24:57 (33896 turns).

raph the Convoker (Deep Elf Summoner)              Turns: 33896, Time: 01:24:58

Health: -6/86      AC: 15    Str:  5    XL:     15   Next: 82%
Magic:  11/45      EV: 17    Int: 42    God:    Gozag
Gold:   4240       SH:  5    Dex: 15    Spells: 1/44 levels left

rFire   + . .        b - +7 scimitar "Ripohoda" {protect, Int+5 SInv}
rCold   + . .        Z - +0 buckler
rNeg    + . .        J - +2 robe {rC+ rF+}
rPois   +            S - +2 helmet
rElec   .            f - +2 cloak
rCorr   .            e - +2 pair of gloves {hurl}
SInv    +            T - +1 pair of boots
Will    +....        x - amulet of the Endless Expanse {rPois rN+ Regen+ Int+3}
Stlth   +++++        g - ring of magical power
HPRegen 1.14/turn    H - +6 ring of intelligence
MPRegen 0.29/turn

%: no passive effects
@: studying 2 skills
A: no striking features
a: Renounce Religion, Potion Petition, Call Merchant, Bribe Branch


You were on level 1 of the Shoals.
You worshipped Gozag.
Gozag was most pleased with you.
You visited 5 branches of the dungeon, and saw 24 of its levels.

You collected 8452 gold pieces.
You spent 2271 gold pieces at shops.
You paid 1941 gold pieces to Gozag.

Inventory:

Hand Weapons
 a - a +2 quick blade of protection
 b - the +7 scimitar "Ripohoda" (weapon) {protect, Int+5 SInv}
   (You bought it in a shop on level 1 of the Orcish Mines)

   Int:       It affects your intelligence (+5).
   SInv:      It lets you see invisible.
 n - a +1 scimitar of flaming
Missiles
 y - 14 curare-tipped darts
 O - 2 throwing nets
Armour
 e - a +2 pair of gloves of hurling (worn)
 f - a +2 cloak (worn)
 J - a +2 robe of resistance (worn)
 S - a +2 helmet (worn)
 T - a +1 pair of boots (worn)
 Z - a +0 buckler (worn)
Jewellery
 g - a ring of magical power (left hand)
 q - a ring of flight
 r - a +4 ring of slaying
 x - the amulet of the Endless Expanse (around neck) {rPois rN+ Regen+ Int+3}
   (You found it on level 5 of the Dungeon)

   [amulet of regeneration]

   Int:       It affects your intelligence (+3).
   rPois:     It protects you from poison.
   rN:        It protects you from negative energy.
   Regen:     It increases your rate of health regeneration.
 E - a +4 ring of protection
 H - a +6 ring of intelligence (right hand)
Wands
 l - a wand of flame (49)
 u - a wand of charming (9)
 v - a wand of iceblast (35)
 A - a wand of mindburst (32)
 M - a wand of light (5)
 Y - a wand of digging (8)
Scrolls
 j - 2 scrolls of fog
 k - 8 scrolls of teleportation
 t - a scroll of summoning
 C - 6 scrolls of amnesia
 D - a scroll of fear
 F - 5 scrolls of immolation
 K - 5 scrolls of poison
 W - 5 scrolls of magic mapping
 X - 6 scrolls of identify
Potions
 d - 7 potions of heal wounds
 h - a potion of ambrosia
 o - 9 potions of curing
 p - 4 potions of brilliance
 w - 3 potions of invisibility
 z - 2 potions of berserk rage
 B - 2 potions of haste
 G - 5 potions of resistance
 I - 5 potions of magic
 Q - 2 potions of flight
 R - 3 potions of cancellation
 V - a potion of mutation
Miscellaneous
 i - a phantom mirror (inert)
 P - a condenser vane
 U - a box of beasts


   Skills:
 + Level 7.5 Fighting
 - Level 5.6(5.9) Short Blades
 - Level 2.1(3.9) Long Blades
 + Level 11.4 Dodging
 + Level 12.5 Stealth
 - Level 6.0 Shields
 * Level 15.0 Spellcasting
 - Level 4.1 Hexes
 * Level 18.8 Summonings
 - Level 1.0 Ice Magic
 - Level 7.8 Air Magic
 + Level 6.5 Evocations


You had one spell level left.
You knew the following spells:

 Your Spells              Type           Power      Damage    Failure   Level
a - Summon Small Mammal   Summ           100%       N/A       0%          1
b - Call Imp              Summ           100%       N/A       0%          2
c - Call Canine Familiar  Summ           100%       N/A       0%          3
d - Summon Guardian Gole  Hex/Summ       91%        N/A       1%          3
e - Summon Lightning Spi  Summ/Air       97%        N/A       1%          4
f - Summon Ice Beast      Ice/Summ       86%        N/A       1%          4
g - Summon Mana Viper     Hex/Summ       91%        N/A       1%          5
h - Monstrous Menagerie   Summ           56%        N/A       1%          7
i - Summon Hydra          Summ           56%        N/A       1%          7
j - Summon Cactus Giant   Summ           56%        N/A       1%          6
k - Apportation           Tloc           62%        N/A       1%          1

Your spell library contained the following spells:

 Spells                   Type           Power      Damage    Failure   Level
 Beastly Appendage        Tmut           62%        N/A       1%          1
 Necrotise                Necr           100%       1d9       1%          1
 Sting                    Tmut/Pois      100%       1d8       1%          1
 Cigotuvi's Dreadful Rot  Necr/Pois/Air  100%       N/A       1%          2
 Ensorcelled Hibernation  Hex/Ice        100%       N/A       1%          2
 Poisonous Vapours        Pois/Air       100%       N/A       1%          2
 Mephitic Cloud           Conj/Pois/Air  52%        N/A       1%          3
 Portal Projectile        Hex/Tloc       96%        N/A       1%          3
 Swiftness                Air            77%        N/A       1%          3
 Passwall                 Tmut/Erth      25%        N/A       2%          2
 Scorch                   Fire           62%        2d8       2%          2
 Sublimation of Blood     Necr           31%        N/A       2%          2
 Wereblood                Tmut           31%        N/A       2%          2
 Ozocubu's Armour         Ice            40%        N/A       3%          3
 Ignite Poison            Fire/Tmut/Pois 31%        N/A       4%          3
 Spider Form              Tmut/Pois      31%        N/A       4%          3
 Leda's Liquefaction      Hex/Erth       24%        N/A       6%          4
 Freezing Cloud           Conj/Ice/Air   27%        6-21      12%         5
 Flame Wave               Conj/Fire      31%        2d9       14%         4
 Olgreb's Toxic Radiance  Pois           31%        N/A       14%         4
 Petrify                  Tmut/Erth      31%        N/A       14%         4
 Metabolic Englaciation   Hex/Ice        26%        N/A       14%         5
 Alistair's Intoxication  Tmut/Pois      20%        N/A       38%         5
 Statue Form              Tmut/Erth      20%        N/A       92%         6
 Discord                  Hex            30%        N/A       100%        8
 Ignition                 Fire           15%        3d6       100%        8
 Simulacrum               Ice/Necr       Unusable   N/A       N/A         6

Dungeon Overview and Level Annotations

Branches:
Dungeon (15/15)            Temple (1/1) D:5            Lair (5/5) D:9
 Shoals (1/4) Lair:3       Spider (0/4) Lair:3        Slime (0/5) Lair:4
    Orc (2/2) D:12            Elf (0/3) Orc:2        Vaults (0/5) D:14
 Depths (0/4) D:15

Altars:
Ashenzari
Cheibriados
Dithmenos
Elyvilon
Fedhas
Gozag
Hepliaklqana
Kikubaaqudgha
Makhleb
Nemelex Xobeh
Okawaru
Qazlal
Ru
Sif Muna
Trog
Uskayaw
Vehumet
Wu Jian
Xom
Yredelemnul
Zin
The Shining One
Jiyva

Shops:
Orc:1 [(*   Orc:2 ([*:   Shoals:1 =

Annotations:
D:9 dig
Lair:1 1 runed translucent door, othur's ghost, journeyman GrFi
Lair:3 exclusion: oklob plant
Lair:5 exclusion: oklob plant


Message History

The titan waves its arms in wide circles.
The air twists around and strikes you!
Your sphinx hits the titan!
Your sphinx hits the titan. x2; Your sphinx hits the titan!
Your sphinx hits the titan but does no damage.
Your sphinx hits the titan. The titan hits your sphinx!!
Your sphinx hits the titan!!
Your sphinx hits the titan but does no damage.
Your sphinx completely misses the titan.
Your mana viper barely misses the titan.
Your sphinx hits the titan!! Your sphinx hits the titan.
Your sphinx hits the titan but does no damage.
There is an open door here.
You start resting.
The air twists around and strikes your mana viper!!
Your cactus giant disappears in a puff of smoke!
You start resting.
A titan is nearby!
What are your orders? t - Shout!
Orders for allies: a - Attack new target. r - Retreat! s - Stop attacking. g - Guard the area. f - Follow me.
Anything else - Cancel.
Gang up on whom?
Press: ? - help, Dir - move target, f - titan
Aim: a titan (heavily wounded, ally target) Attack!
Your mana viper disappears in a puff of smoke!
Your lightning spire disappears in a puff of smoke!
Casting: Summon Lightning Spire (safe; 1% risk of failure)
Confirm with . or Enter, or press ? or * to list all spells.
You summon a sphinx!
The titan points at you and mumbles some strange words.
The bolt of lightning hits your sphinx!!!
The bolt of lightning hits you!!
The bolt of lightning hits your sphinx!!
The bolt of lightning hits your sphinx!!!
The bolt of lightning hits you!!
You die...
Your body crumbles into a pile of gold.

...##.....##~.##~~###~~~~~~~~≈≈≈
..###...C.##~.###~~##...~~~~~~≈≈≈
.## #~.HHC###..###~('k....~~~~≈≈≈
.####...S.~##...#####......~~~~≈≈
...##.....~###..~####......~~~~≈≈
~..# #~...~####..~##.......~~~~~≈
~.~###~....~####.~###.......~~~~≈
~.~.###~~....##...8##........~~≈≈
~....####~.§.CH.@H###......~.~~≈≈
~~~~~.####~~..#..###......~~~~~~~
~~~~~..# ##########..~...~~~~~~~.
≈≈~~~..# #### #.~~~.~~~~~~~..
≈≈≈~~~.####..######.~~~~~~~...###
≈≈≈~~~~.............~~~~~.....##.
≈≈≈≈≈~~...~~~~~....~~~~~~........
≈≈≈~~~~..~~~~~~~~~~~~~~~.........
≈≈≈~~....~~~~~~~~~~~.~...........


You could see a titan (ally target) and 2 friendly sphinxes.

Vanquished Creatures
  2 boulder beetles
  An ogre mage (Orc:1)
  2 two-headed ogres
  A skyshark (Lair:3)
  A wizard (D:15)
  A manticore (D:15)
  2 black mambas
  A cane toad (Lair:4)
  A komodo dragon (Lair:1)
  A kobold demonologist (D:11)
  An efreet (D:14)
  A rime drake (Lair:4)
  A slime creature (D:12)
  A wraith (D:12)
  A vampire (D:11)
  A yak (Lair:4)
  A basilisk (D:14)
  4 vampire mosquitoes
  An acid dragon (D:12)
  A hell hound (Lair:5)
  3 water moccasins
  A black bear (Lair:2)
  2 orc warriors
  A centaur (D:14)
  An ogre (Orc:1)
  2 wolves
  A kobold brigand (D:11)
  2 bullfrogs (Lair:1)
  A hound (D:6)
  2 orc priests
  3 orc wizards
  An adder (D:3)
  12 orcs
  An endoplasm (D:3)
  A ball python (D:1)
  2 bats
  A frilled lizard (D:1)
  2 kobolds (D:4)
  3 rats
68 creatures vanquished.

Vanquished Creatures (collateral kills)
  Nikola (Shoals:1)
  Mlioglotl (Shoals:1)
  Rupert (D:13)
  Frances (D:12)
  A frost giant (D:15)
  2 orc warlords
  Nessos (Lair:3)
  Azrael (D:13)
  2 merfolk impalers (Shoals:1)
  3 fire dragons
  Fannar (D:10)
  A rakshasa (D:14)
  A vault guard (D:14)
  An ice dragon (D:13)
  4 hydras
  2 boulder beetles
  An anaconda (Lair:5)
  A death knight (D:14)
  3 centaur warriors
  A two-headed ogre (D:9)
  4 death yaks (Lair:5)
  2 tengu warriors (D:15)
  2 orc high priests (Orc:2)
  Urug (D:11)
  Sonja (D:10)
  3 skysharks
  An iron troll (D:14)
  2 sea snakes (Shoals:1)
  3 skeletal warriors (D:12)
  10 slime creatures
  3 harpies (Shoals:1)
  4 orc knights
  2 manticores
  3 cyclopes
  4 orc sorcerers (Orc:2)
  6 ugly things
  3 elephants (Lair:3)
  A black mamba (shapeshifter) (D:15)
  7 black mambas
  A merfolk siren (Lair:3)
  7 cane toads
  A gargoyle (D:13)
  An unseen horror (D:11)
  6 rime drakes
  11 komodo dragons
  A freezing wraith (D:15)
  6 trolls
  2 merfolk (Shoals:1)
  11 polar bears
  Grinder (D:3)
  5 raiju (Lair:5)
  4 blink frogs (Lair:5)
  A snapping turtle (Shoals:1)
  A centaur simulacrum (D:13)
  Sigmund (D:3)
  3 shadows
  A fire bat (D:5)
  5 wyverns
  4 fire elementals (D:13)
  3 basilisks
  31 yaks
  5 wraiths
  10 vampire mosquitoes
  Edmund (D:5)
  7 wargs
  3 acid dragons
  Duvessa (D:4)
  7 water moccasins
  11 hell hounds (Lair:5)
  36 orc warriors
  2 ice beasts (D:5)
  A sky beast (D:7)
  7 boggarts
  A swamp drake (Lair:5)
  13 black bears
  22 wolves
  14 ogres
  15 centaurs
  3 kobold brigands
  The ghost of Xelenos the Sneak, an amateur KoBr (D:3)
  6 bullfrogs
  2 scorpions
  2 gnoll sergeants
  4 wights
  Dowan (D:4)
  4 killer bees (D:9)
  2 howler monkeys (D:8)
  A nameless horror (D:12)
  9 jellies
  3 hounds
  2 sleepcaps (D:6)
  17 orc priests
  A gnoll bouda (D:9)
  6 iguanas
  Ijyb (D:3)
  Natasha (thrice) (D:2)
  24 orc wizards
  15 gnolls
  8 adders
  3 shadow imps (D:3)
  A white imp (D:6)
  An ufetubus (D:6)
  2 worms
  3 dart slugs
  89 orcs
  2 bats (D:2)
  4 endoplasms
  3 giant cockroaches
  4 goblins
  6 hobgoblins
  26 kobolds
  A training dummy (D:4)
  5 ball pythons
  A goblin skeleton (D:6)
  A goblin zombie (D:6)
  A kobold skeleton (D:6)
  3 rats
  A butterfly (D:4)
627 creatures vanquished.

Vanquished Creatures (others)
  2 death yaks (Lair:5)
  A two-headed ogre (D:10)
  An orc high priest (Orc:1)
  A skyshark (Lair:2)
  A swamp dragon (Lair:5)
  Pikel (D:4)
  A harpy (Shoals:1)
  3 orc knights (Orc:2)
  An orc sorcerer (Orc:2)
  A troll (D:14)
  A yak (Lair:4)
  3 redbacks (Lair:3)
  A vampire mosquito (D:13)
  A black bear (D:4)
  5 orc warriors
  An ogre (Orc:1)
  4 orcs
  30 fungi
  58 plants
  5 starspawn tentacles (Shoals:1)
122 creatures vanquished.

Grand Total: 817 creatures vanquished

Notes
Turn   | Place    | Note
-------+----------+-------------------------------------------
     0 | D:1      | raph the Deep Elf Summoner began the quest for the Orb.
     0 | D:1      | Reached XP level 1. HP: 10/10 MP: 6/6
   420 | D:1      | Reached XP level 2. HP: 15/15 MP: 5/8
   426 | D:1      | Learned a level 2 spell: Call Imp
  1309 | D:2      | Noticed Natasha
  1314 | D:2      | Killed Natasha
  1315 | D:2      | Reached skill level 5 in Summonings
  1315 | D:2      | Reached XP level 3. HP: 19/19 MP: 5/10
  1320 | D:2      | Learned a level 3 spell: Call Canine Familiar
  1335 | D:2      | Learned a level 3 spell: Summon Guardian Golem
  1596 | D:2      | Noticed Natasha
  1615 | D:2      | Killed Natasha
  1616 | D:2      | Reached XP level 4. HP: 14/24 MP: 1/11
  1661 | D:2      | Noticed Natasha
  1669 | D:2      | Killed Natasha
  1670 | D:2      | Reached skill level 1 in Hexes
  1754 | D:2      | Found a faded altar of an unknown god.
  2059 | D:3      | Found a transporter.
  2160 | D:3      | Found a runed translucent door.
  2164 | D:3      | Noticed a bullfrog
  2165 | D:3      | Noticed Xelenos's ghost (amateur KoBr)
  2169 | D:3      | Found a transporter.
  2277 | D:3      | Noticed Ijyb
  2316 | D:3      | Killed Ijyb
  2317 | D:3      | Reached XP level 5. HP: 13/28 MP: 6/13
  2723 | D:3      | Noticed Sigmund
  2739 | D:3      | Killed Sigmund
  2740 | D:3      | Reached skill level 6 in Summonings
  2740 | D:3      | Reached XP level 6. HP: 21/32 MP: 7/14
  3022 | D:3      | Noticed Grinder
  3096 | D:3      | Killed Grinder
  3097 | D:3      | Reached skill level 5 in Spellcasting
  3097 | D:3      | Reached XP level 7. HP: 36/36 MP: 13/16
  3193 | D:3      | Found an iron altar of Okawaru.
  3361 | D:4      | Learned a level 4 spell: Summon Lightning Spire
  3382 | D:4      | Found a blossoming altar of Fedhas.
  3678 | D:4      | Reached skill level 7 in Summonings
  3678 | D:4      | Reached skill level 1 in Air Magic
  3780 | D:4      | Found a shimmering altar of Xom.
  3821 | D:4      | Noticed Duvessa
  3821 | D:4      | Noticed Dowan
  3834 | D:4      | Killed Duvessa
  3836 | D:4      | Killed Dowan
  4114 | D:5      | Entered Level 5 of the Dungeon
  4114 | D:5      | Noticed Pikel
  4184 | D:4      | Killed Pikel
  4185 | D:4      | Reached skill level 8 in Summonings
  4185 | D:4      | Reached XP level 8. HP: 25/41 MP: 8/20
  4468 | D:5      | Reached skill level 9 in Summonings
  4533 | D:5      | Found a transporter.
  4647 | D:5      | Found a transporter.
  4880 | D:5      | Noticed Edmund
  4920 | D:5      | Killed Edmund
  4936 | D:5      | Reached skill level 5 in Stealth
  4953 | D:5      | Reached skill level 1 in Fighting
  4953 | D:5      | Reached XP level 9. HP: 45/47 MP: 17/22
  4972 | D:5      | Identified the amulet of the Endless Expanse {rPois rN+
                  | Regen+ Int+3}
  5023 | D:5      | Found a staircase to the Ecumenical Temple.
  5032 | Temple   | Entered the Ecumenical Temple
  5068 | Temple   | Became a worshipper of Gozag Ym Sagoz the Greedy
  5354 | D:6      | Reached skill level 5 in Dodging
  5815 | D:6      | Found a shimmering blue altar of Sif Muna.
  6265 | D:6      | Found a runed translucent door.
  6269 | D:6      | Found a basalt altar of Yredelemnul.
  6635 | D:6      | Found a snail-covered altar of Cheibriados.
  6975 | D:7      | Reached skill level 1 in Short Blades
  7076 | D:7      | Reached skill level 10 in Summonings
  7892 | D:8      | Reached XP level 10. HP: 47/54 MP: 24/24
  7907 | D:8      | Reached skill level 5 in Air Magic
  9529 | D:9      | Noticed a two-headed ogre
  9543 | D:9      | Killed a two-headed ogre
  9544 | D:9      | Reached skill level 11 in Summonings
  9714 | D:9      | Found a staircase to the Lair.
 10002 | Lair:1   | Entered Level 1 of the Lair of Beasts
 10183 | Lair:1   | Noticed a cane toad
 10189 | Lair:1   | Killed a cane toad
 10529 | Lair:1   | Noticed a black mamba
 10665 | Lair:1   | Reached XP level 11. HP: 60/60 MP: 26/26
 10747 | Lair:1   | Found a runed translucent door.
 10753 | Lair:1   | Noticed othur's ghost (journeyman GrFi)
 11405 | Lair:2   | Learned a level 4 spell: Summon Ice Beast
 11411 | Lair:2   | Learned a level 5 spell: Summon Mana Viper
 11419 | Lair:2   | Learned a level 7 spell: Monstrous Menagerie
 11451 | Lair:2   | Reached skill level 12 in Summonings
 11660 | Lair:2   | Reached skill level 10 in Spellcasting
 11842 | Lair:2   | Noticed a skyshark
 11858 | Lair:2   | Killed a skyshark
 11906 | Lair:2   | Noticed a four-headed hydra
 11913 | Lair:2   | Killed a four-headed hydra
 11944 | Lair:2   | Noticed a six-headed hydra
 11953 | Lair:2   | Killed a six-headed hydra
 12777 | Lair:3   | Noticed an oklob plant
 12920 | Lair:3   | Found a staircase to the Shoals.
 13025 | Lair:3   | Noticed a boulder beetle
 13080 | Lair:3   | Killed a boulder beetle
 13081 | Lair:3   | Reached XP level 12. HP: 68/68 MP: 28/28
 13125 | Lair:3   | Reached skill level 13 in Summonings
 13209 | Lair:3   | Found a hole to the Spider Nest.
 13379 | Lair:3   | Reached skill level 5 in Fighting
 13493 | Lair:3   | Noticed a seven-headed hydra
 13506 | Lair:3   | Killed a seven-headed hydra
 13604 | Lair:3   | Noticed Nessos
 13830 | Lair:3   | Killed Nessos
 14028 | Lair:3   | You fall into a shaft and drop 2 floors!
 14028 | Lair:5   | Entered Level 5 of the Lair of Beasts
 14048 | Lair:5   | Noticed a boulder beetle
 14061 | Lair:5   | Killed a boulder beetle
 14433 | Lair:4   | Reached skill level 1 in Evocations
 14436 | Lair:4   | Reached skill level 10 in Stealth
 14607 | Lair:4   | Noticed an eight-headed hydra
 14614 | Lair:4   | Killed an eight-headed hydra
 14899 | Lair:4   | Found a staircase to the Slime Pits.
 14966 | Lair:4   | Found a viscous altar of Jiyva.
 15143 | Lair:4   | Reached skill level 14 in Summonings
 15990 | Lair:5   | Reached XP level 13. HP: 73/73 MP: 15/30
 15995 | Lair:5   | Reached skill level 15 in Summonings
 16336 | Lair:5   | Reached skill level 16 in Summonings
 16864 | Lair:5   | Reached skill level 17 in Summonings
 17165 | Lair:5   | Learned a level 3 spell: Ozocubu's Armour
 17240 | Lair:5   | Noticed a fire dragon
 17515 | Lair:5   | Killed a fire dragon
 17939 | Lair:5   | Reached skill level 1 in Ice Magic
 18489 | Lair:5   | Learned a level 1 spell: Apportation
 19466 | D:6      | Got Sif Muna's Enchiridion on Iniquitous Deeds
 19631 | D:3      | Killed Xelenos's ghost
 20229 | D:10     | Entered Level 10 of the Dungeon
 20380 | D:10     | Noticed Sonja
 20395 | D:10     | Killed Sonja
 20396 | D:10     | Reached XP level 14. HP: 79/79 MP: 21/32
 20472 | D:10     | Found a radiant altar of Vehumet.
 20480 | D:10     | Identified a scroll of acquirement
 20480 | D:10     | Acquired a +2 hat of see invisible
 20509 | D:10     | Reached skill level 1 in Shields
 20917 | D:10     | Noticed Fannar
 20925 | D:10     | Killed Fannar
 20926 | D:10     | Reached skill level 5 in Short Blades
 21617 | D:11     | Noticed Urug
 21627 | D:11     | Killed Urug
 22485 | D:12     | Reached skill level 10 in Dodging
 23040 | D:12     | Found a staircase to the Orcish Mines.
 24064 | Orc:1    | Entered Level 1 of the Orcish Mines
 24208 | Orc:1    | Found Vadghimel's Armour Shoppe.
 24217 | Orc:1    | Found Juuda's General Store.
 24221 | Orc:1    | Found Taepan's Antique Weapon Emporium.
 24376 | Orc:1    | Bought an ichor-stained scimitar for 261 gold pieces
 24376 | Orc:1    | Identified the +7 scimitar "Ripohoda" {protect, Int+5 SInv}
                  | (You bought it in a shop on level 1 of the Orcish Mines)
 24381 | Orc:1    | Bought a scroll of fear for 48 gold pieces
 24381 | Orc:1    | Bought a book of Blood for 336 gold pieces
 24381 | Orc:1    | Bought a scroll of magic mapping for 90 gold pieces
 24815 | D:13     | Noticed Frances
 24829 | D:12     | Killed Frances
 25240 | Orc:2    | Entered Level 2 of the Orcish Mines
 25383 | Orc:2    | Noticed an orc warlord
 25407 | Orc:1    | Killed an orc warlord
 25408 | Orc:1    | Reached skill level 5 in Shields
 25674 | Orc:2    | Found Keryry's Antique Weapon Shoppe.
 25713 | Orc:2    | Learned a level 7 spell: Summon Hydra
 25871 | Orc:2    | Found Xeahaj's Antique Armour Shoppe.
 25889 | Orc:2    | Reached skill level 5 in Evocations
 25912 | Orc:2    | Reached skill level 18 in Summonings
 26206 | Orc:2    | Bought an embroidered robe for 88 gold pieces
 26208 | Orc:2    | Noticed an orc warlord
 26214 | Orc:2    | Killed an orc warlord
 26483 | Orc:2    | Found Puegocre's Book Shop.
 26492 | Orc:2    | Bought a book of Scorching for 420 gold pieces
 26492 | Orc:2    | Bought a book of Burglary for 280 gold pieces
 26546 | Orc:2    | Found Ritad's General Store.
 26554 | Orc:2    | Bought a potion of curing for 39 gold pieces
 26554 | Orc:2    | Bought a potion of heal wounds for 65 gold pieces
 26554 | Orc:2    | Bought a potion of invisibility for 104 gold pieces
 26676 | Orc:2    | Bought a runed quick blade for 540 gold pieces
 26834 | Orc:2    | Found a staircase to the Elven Halls.
 27341 | Orc:1    | Reached XP level 15. HP: 85/85 MP: 16/34
 27746 | D:13     | Noticed Rupert
 27755 | D:13     | Killed Rupert
 27999 | D:13     | Reached skill level 1 in Long Blades
 28233 | D:13     | You fall into a shaft and drop 2 floors!
 28233 | D:15     | Entered Level 15 of the Dungeon
 29099 | D:14     | HP: 4/86 [centaur/arrow[a centaur warrior] (11)]
 29339 | D:13     | Noticed Azrael
 30047 | D:13     | Killed Azrael
 30435 | D:14     | Learned a level 6 spell: Summon Cactus Giant
 30864 | D:14     | Found a gate to the Vaults.
 31256 | D:14     | Found a shadowy altar of Dithmenos.
 31977 | D:15     | Noticed a frost giant
 31986 | D:15     | Killed a frost giant
 32138 | D:15     | Found a staircase to the Depths.
 32603 | Shoals:1 | Entered Level 1 of the Shoals
 32616 | Shoals:1 | Learned a level 1 spell: Apportation
 32758 | Shoals:1 | Noticed Mlioglotl
 32768 | Shoals:1 | Noticed Nikola
 32769 | Shoals:1 | Noticed a tentacled starspawn
 32825 | Shoals:1 | Killed Mlioglotl
 32950 | Shoals:1 | Killed Nikola
 33280 | Shoals:1 | Found Itecopt's Jewellery Boutique.
 33742 | Shoals:1 | Reached skill level 15 in Spellcasting
 33755 | Shoals:1 | Noticed a titan
 33896 | Shoals:1 | Killed from afar by a titan

Illustrated notes

Levels and vault maps discovered:
D:1:      dpeg_arrival_fog, layout_loops_corners,
          nicolae_concentric_dashed_squares_wild, grunt_decor_clamped,
          minmay_misc_feat_room
D:2:      layout_rooms, hellmonk_ecumenical_altar_crossroads,
          kennysheep_generic_room_14, uniq_natasha
D:3:      gammafunk_wand_slinger, layout_loops_ring,
          nicolae_overflow_crystal_walls, ebering_ghost_sewer_d,
          grunt_decor_junction, minmay_box_of_dots, uniq_grinder, uniq_sigmund,
          uniq_ijyb
D:4:      dreamdust_elfheim, layout_gridville, fedhas_altar_1, xom_butterflies
D:5:      gammafunk_cloud_chamber, layout_gridville,
          minmay_temple_entry_junction_2, uniq_pikel, uniq_edmund
D:6:      minmay_skewed_foursquare, layout_basic, dk_yredelemnul_ordeal,
          cheibriados_altar_2, led_sif_book, chequers_serial_rivers_room_b,
          chequers_serial_rivers_room_a, st_stairs_1,
          amcnicky_mini_rare_corridor_liquid
D:7:      layout_cave_pools, kennysheep_potato, uniq_duvessa
D:8:      layout_layer_cave
D:9:      layout_basic, lair_entry_dummy, due_unseen_surprise
D:10:     layout_loops_ring, mainiacjoe_overflow_tiny_flanked, uniq_sonja,
          uniq_fannar
D:11:     nicolae_cairo_tiling, layout_long_grid, uniq_urug
D:12:     layout_irregular_city, david_orc_5, gauntlet_entry_generic, drop_trap
D:13:     layout_rooms, kb_rosetta, uniq_rupert, uniq_azrael, uniq_frances
D:14:     layout_irregular_city, david_vaults_4,
          grunt_dithmenos_smoke_and_mirrors, st_stairs_1
D:15:     grunt_enter_depths_snipers, layout_cave_pools,
          minmay_misc_feat_hallway, minmay_misc_feat_rows
Temple:   hellmonk_temple_of_storms
Lair:1:   layout_gridlike, hellmonk_ghost_happy_afterlife,
          small_statue_intersection, grunt_forest_stairs_basic,
          nicolae_lair_lil_pond
Lair:2:   layout_regular_city
Lair:3:   layout_regular_city, minmay_shoals_entry_lonely_mermaid,
          spider_nest_entry_webs, uniq_nessos
Lair:4:   layout_long_grid, nicolae_slime_entry_field_trip, minmay_holes,
          grunt_megastairs_4, infiniplex_staircase_pool_2
Lair:5:   guppyfry_lair_end_dragon, layout_big_grid,
          hangedman_lair_caniforms_friends, minmay_lair_oklob_items
Shoals:1: cheibrodos_shoals_gigantism, layout_shoals,
          minmay_shop_enchanted_jewellery, uniq_mlioglotl, uniq_nikola
Orc:1:    nicolae_orc_accident_3, layout_caves, serial_shops, shop, shop,
          nicolae_shop_tiny_statue_garden, mines4_lemuel
Orc:2:    grunt_orc_gardens, layout_caves, grunt_orc_garden, grunt_orc_garden,
          grunt_orc_garden, grunt_orc_garden

Skill      XL: |  1  2  3  4  5  6  7  8  9 10 11 12 13 14 15 |
---------------+----------------------------------------------+-----
Dodging        | 3 4 5 7 8 9 10 11 | 11.4
Stealth        | 3 4 5 6 7 9 10 11 12 | 12.5
Summonings     | 5 6 8 9 10 11 12 14 17 18 | 18.8
Hexes          | 1 2 3 4 |  4.1
Spellcasting   | 4 5 6 7 8 9 10 11 12 13 15 | 15.0
Air Magic      | 3 4 6 7 |  7.8
Fighting       | 1 2 3 4 5 6 7 |  7.5
Short Blades   | 2 4 5 |  5.6
Evocations     | 1 3 5 6 |  6.5
Ice Magic      | 1 |  1.0
Shields        | 6 |  6.0
Long Blades    | 2 |  2.1

Action                     |  1- 3 |  4- 6 |  7- 9 | 10-12 | 13-15 || total
---------------------------+-------+-------+-------+-------+-------++-------
  Melee: Unarmed           |     3 |       |       |       |       ||     3
         Dagger            |    26 |    34 |   133 |   146 |   115 ||   454
         Punch             |     1 |       |     3 |     2 |     1 ||     7
         Scimitar          |       |       |       |    31 |    82 ||   113
  Throw: Dart              |       |       |       |     2 |     1 ||     3
   Cast: Summon Small Mamm |    25 |     6 |    30 |    29 |     8 ||    98
         Call Imp          |     9 |    10 |    33 |    45 |    19 ||   116
         Call Canine Famil |     2 |     8 |    26 |    37 |    17 ||    90
         Summon Guardian G |     1 |     5 |    21 |    24 |    55 ||   106
         Summon Lightning  |       |       |    11 |    33 |    40 ||    84
         Summon Ice Beast  |       |       |       |    30 |    31 ||    61
         Summon Mana Viper |       |       |       |    13 |    27 ||    40
         Monstrous Menager |       |       |       |     3 |   192 ||   195
         Apportation       |       |       |       |       |    18 ||    18
         Summon Hydra      |       |       |       |       |    65 ||    65
         Summon Cactus Gia |       |       |       |       |    17 ||    17
 Invoke: Potion Petition   |       |       |       |     2 |     2 ||     4
  Evoke: Wand              |       |       |       |       |     2 ||     2
         Phantom mirror    |       |       |       |       |     1 ||     1
    Use: Scroll            |     3 |     1 |     8 |     9 |    18 ||    39
         Potion            |       |       |     1 |     6 |       ||     7
   Stab: Sleeping          |     2 |     1 |     8 |     4 |     9 ||    24
         Distracted        |       |     1 |     2 |     4 |    12 ||    19
         Confused          |       |       |       |       |     1 ||     1
         Paralysed         |       |       |       |       |     3 ||     3
 Armour: Robe              |     9 |     6 |    81 |   129 |   117 ||   342
  Dodge: Dodged            |    24 |    29 |   151 |   266 |   301 ||   771
  Block: Buckler           |       |       |       |       |    48 ||    48
